 Dungeon Crawl Stone Soup version 0.22.1-2-g9c5b331 (webtiles) character file.

1108 havocjr2 the Chopper (level 8, 0/71 HPs)
             Began as a Hill Orc Fighter on Dec 5, 2018.
             Was an Initiate of Beogh.
             Succumbed to a water moccasin's poison
             ... on level 5 of the Dungeon.
             The game lasted 00:33:11 (5227 turns).

havocjr2 the Chopper (Hill Orc Fighter)             Turns: 5227, Time: 00:33:12

Health: 0/71       AC: 11    Str: 19    XL:     8   Next: 33%
Magic:  8/8        EV:  5    Int:  8    God:    Beogh [......]
Gold:   350        SH: 10    Dex: 12    Spells: 7/7 levels left

rFire    . . .     SeeInvis .   a - +1 war axe
rCold    . . .     Gourm    .   c - +0 shield
rNeg     . . .     Faith    .   m - +1 chain mail
rPois    .         Spirit   .   (no helmet)
rElec    .         Reflect  .   (no cloak)
rCorr    .         Harm     .   (no gloves)
MR       .....                  (no boots)
Stlth    ..........             (no amulet)
HPRegen  0.21/turn              (no ring)
MPRegen  0.11/turn              (no ring)

@: lethally poisoned (0 -> -3)
A: no striking features
a: Renounce Religion


You were on level 5 of the Dungeon.
You worshipped Beogh.
Beogh was noncommittal.
You were not hungry.

You visited 1 branch of the dungeon, and saw 5 of its levels.

You collected 350 gold pieces.

Inventory:

Hand Weapons
 a - a +1 war axe (weapon)
 e - a +2 whip of venom
 p - a +1 flail of holy wrath
 B - a -2 flail
Missiles
 h - 238 stones (quivered)
 s - 3 needles of paralysis
 v - 48 poisoned needles
Armour
 c - a +0 shield (worn)
 m - a +1 chain mail (worn)
 o - a +0 large shield
Wands
 b - a wand of iceblast (6)
 g - a wand of disintegration (7)
Scrolls
 k - 2 scrolls of enchant weapon
 l - 2 scrolls of identify
 q - a scroll of amnesia
 r - 2 scrolls of magic mapping
 y - a scroll of noise {unknown}
 C - a scroll of fog {unknown}
 D - a scroll of remove curse
Potions
 d - a potion of might
 i - a potion of flight {unknown}
 j - a potion of curing {unknown}
 n - a potion of cancellation {unknown}
 t - 3 potions of haste
 w - a potion of degeneration {unknown}
 x - a potion of magic {unknown}
 z - a potion of berserk rage {unknown}
 A - a potion of lignification {unknown}
Comestibles
 f - 6 rations
 u - 2 chunks of flesh


   Skills:
 + Level 6.7 Fighting
 + Level 6.8 Axes
 + Level 6.1 Armour
 + Level 6.2 Shields


You had 7 spell levels left.
You didn't know any spells.
Your spell library was empty.

Dungeon Overview and Level Annotations

Branches:
Dungeon (5/15)             Temple (0/1) D:5

Altars:
Gozag
Ru
Sif Muna


Message History

You are too injured to fight recklessly!
You are too injured to fight recklessly!
Okay, then.
You hit the ogre.
The ogre is almost dead.
You feel sick. The ogre hits you but does no damage.
You completely miss the ogre.
The ogre is almost dead.
You feel sick. The ogre hits you with a giant club!
* * * LOW HITPOINT WARNING * * *
* * * LOW HITPOINT WARNING * * *
You feel sick.
* * * LOW HITPOINT WARNING * * *
You feel sick.
* * * LOW HITPOINT WARNING * * *
You feel sick.
* * * LOW HITPOINT WARNING * * *
You feel sick.
There is a staircase to the Ecumenical Temple here.
You die...

#.......########
#.......#.......
#.......#.......
#.......#.......
#.......#.......
#.......#.......
#.......8......#
#......O@......#
#......:8......#
#.......#......#
###.###.#....... ..
##...†.###.......
...#.8...8.# .......
...#.......##......#
......._...........#
..#.......#......


You could see an ogre.

Vanquished Creatures
  A water moccasin (D:5)
  2 ogres
  A scorpion (D:4)
  2 crimson imps (D:5)
  A bullfrog skeleton (D:5)
  3 gnoll shamans (D:3)
  A centaur skeleton (D:5)
  2 worker ants (D:4)
  41 gnolls (D:3)
  An adder (D:3)
  A worm (D:2)
  3 dart slugs
  4 leopard geckos
  7 orcs
  5 bats
  5 goblins
  5 hobgoblins
  24 jackals
  A quokka (D:2)
  3 ball pythons
  2 frilled lizards
  A jackal skeleton (D:4)
  6 kobolds
  4 rats
126 creatures vanquished.

Notes
Turn   | Place    | Note
-------+----------+-------------------------------------------
     0 | D:1      | havocjr2 the Hill Orc Fighter began the quest for the Orb.
     0 | D:1      | Reached XP level 1. HP: 19/19 MP: 1/1
   217 | D:1      | Reached XP level 2. HP: 26/27 MP: 2/2
   890 | D:2      | Reached XP level 3. HP: 33/33 MP: 3/3
  1372 | D:3      | Reached XP level 4. HP: 40/40 MP: 4/4
  1636 | D:3      | Noticed an ogre
  1981 | D:3      | Reached XP level 5. HP: 46/47 MP: 5/5
  2070 | D:3      | Found a deep blue altar of Sif Muna.
  2426 | D:3      | Killed an ogre
  2426 | D:3      | Reached skill level 5 in Fighting
  2426 | D:3      | Reached XP level 6. HP: 30/56 MP: 6/6
  2781 | D:3      | Reached skill level 5 in Axes
  3026 | D:3      | Reached skill level 5 in Shields
  3034 | D:3      | Reached skill level 5 in Armour
  3060 | D:3      | Reached XP level 7. HP: 40/61 MP: 7/7
  4325 | D:4      | Found a sacrificial altar of Ru.
  4694 | D:4      | Became a worshipper of Beogh the Brigand
  4752 | D:4      | Reached XP level 8. HP: 61/71 MP: 8/8
  4979 | D:5      | Entered Level 5 of the Dungeon
  5196 | D:5      | Found an opulent altar of Gozag.
  5209 | D:5      | Found a staircase to the Ecumenical Temple.
  5222 | D:5      | HP: 3/71 [poisoned by a water moccasin]
  5226 | D:5      | HP: 1/71 [poisoned by a water moccasin]
  5227 | D:5      | Succumbed to a water moccasin's poison

Skill      XL: |  1  2  3  4  5  6  7  8 |
---------------+-------------------------+-----
Axes           | 3 4 5 6 |  6.8
Fighting       | 4 5 6 |  6.7
Armour         | 4 5 6 |  6.1
Shields        | 4 5 6 |  6.2

Action                   |  1- 3 |  4- 6 |  7- 9 || total
-------------------------+-------+-------+-------++-------
Melee: War axe           |    10 |    98 |   158 ||   266
       Whip              |    72 |   100 |    42 ||   214
Throw: Stone             |     7 |    79 |    33 ||   119
Invok: Convert to Beogh  |       |       |     1 ||     1
  Use: Scroll            |       |     2 |     6 ||     8
       Potion            |       |     1 |     1 ||     2
  Eat: Chunk             |     1 |     6 |     8 ||    15
Armor: Scale mail        |    28 |    19 |       ||    47
       Chain mail        |       |    63 |    88 ||   151
Dodge: Dodged            |    27 |    45 |    44 ||   116
Block: Shield            |    29 |    89 |   111 ||   229
